[Event "ICC tourney 2918 (30 10)"]
[Site "Internet Chess Club"]
[Date "2022.05.21"]
[Round "4"]
[White "LIANG, YU-CHENG:Yucheng"]
[Black "MAMMADOV, ZAUR:zaur94"]
[Result "0-1"]
[ICCResult "White resigns"]
[WhiteElo "1994"]
[BlackElo "2571"]
[Opening "QGD semi-Slav: neo-Meran (Lundin variation)"]
[ECO "D47"]
[NIC "SL.09"]
[Time "18:00:09"]
[PlyCount "124"]
[TimeControl "1800+10"]

1. d4 d5 2. c4 e6 3. Nf3 Nf6 4. Nc3 c6 5. e3 Nbd7 6. Bd3 dxc4 7. Bxc4 b5 8.
Bd3 b4 9. Ne4 Be7 10. O-O O-O 11. b3 Bb7 12. Bb2 Nxe4 13. Bxe4 Nf6 14. Bd3
c5 15. dxc5 Bxc5 16. Qe2 Rc8 17. Ba6 Qb6 18. Bxb7 Qxb7 19. Bxf6 gxf6 20.
Rac1 f5 21. Rc4 Be7 22. Rfc1 Bf6 23. Nd4 Rxc4 24. Qxc4 Kg7 25. Qc7 Qe4 26.
Qg3+ Kh8 27. Qd6 Rd8 28. Qc7 Kg7 29. h3 h5 30. Nf3 h4 31. Qxa7 Ra8 32. Qd7
Rxa2 33. Rc7 Ra1+ 34. Kh2 Be5+ 35. Nxe5 Qxe5+ 36. f4 Qf6 37. Rc4 Rb1 38. Qd3
Qa1 39. Qd4+ Qxd4 40. Rxd4 Rxb3 41. e4 Kg6 42. e5 Rb2 43. Rc4 b3 44. Rb4 f6
45. exf6 Kxf6 46. Rb7 Rb1 47. g4 hxg3+ 48. Kxg3 b2 49. Kg2 e5 50. Rb6+ Ke7
51. fxe5 f4 52. h4 f3+ 53. Kxf3 Rf1+ 54. Kg4 b1=Q 55. Rxb1 Rxb1 56. Kg5 Rg1+
57. Kh6 Ke6 58. h5 Kxe5 59. Kh7 Kf6 60. h6 Rg6 61. Kh8 Rxh6+ 62. Kg8 Rh5
{White resigns}
0-1

[Event "ICC tourney 2918 (30 10)"]
[Site "Internet Chess Club"]
[Date "2022.05.21"]
[Round "4"]
[White "GUSEINOV, GADIR:GGuseinov"]
[Black "Nguyen, Hoa Duc:leoman"]
[Result "1-0"]
[ICCResult "Black resigns"]
[WhiteElo "2718"]
[BlackElo "2492"]
[Opening "Sicilian: Taimanov variation"]
[ECO "B45"]
[NIC "SI.44"]
[Time "18:01:04"]
[PlyCount "97"]
[TimeControl "1800+10"]

1. e4 c5 2. Nc3 e6 3. Nf3 Nc6 4. d4 cxd4 5. Nxd4 Nf6 6. g3 d6 7. Bg2 Qc7 8.
O-O a6 9. Re1 Bd7 10. Nxc6 Bxc6 11. a4 Be7 12. Be3 O-O 13. a5 Rae8 14. Bb6
Qb8 15. Na4 Nd7 16. Bd4 Bd8 17. Qd2 f5 18. c4 e5 19. Bc3 f4 20. Bb4 Be7 21.
Nc3 Nc5 22. Nd5 Bd8 23. Ra3 Re6 24. Qe2 Rh6 25. Bd2 Ne6 26. Rd3 Qa7 27. Bc3
Ng5 28. gxf4 exf4 29. Bd4 Qb8 30. b4 Qc8 31. f3 Bxd5 32. cxd5 Nf7 33. Rc3
Qd7 34. Rec1 Qe7 35. Rc8 Qh4 36. h3 Ng5 37. Kf1 Nxh3 38. Rb8 Bf6 39. Rxf8+
Kxf8 40. Rc8+ Kf7 41. Rc7+ Kg6 42. Bxf6 Qxf6 43. e5 dxe5 44. Rxb7 Qf5 45.
Qe4 Qxe4 46. fxe4 Ng5 47. Rb6+ Kf7 48. Rxh6 gxh6 49. b5 {Black resigns} 1-0

[Event "ICC tourney 2918 (30 10)"]
[Site "Internet Chess Club"]
[Date "2022.05.21"]
[Round "4"]
[White "POWER, SEAN K:KnightHopper"]
[Black "LIU, ERIC CHANG:el008"]
[Result "1/2-1/2"]
[ICCResult "White stalemated"]
[WhiteElo "1901"]
[BlackElo "2059"]
[Opening "Sicilian: Smith-Morra gambit"]
[ECO "B21"]
[NIC "SI.47"]
[Time "18:00:09"]
[PlyCount "170"]
[TimeControl "1800+10"]

1. e4 c5 2. d4 cxd4 3. c3 Nf6 4. e5 Nd5 5. Nf3 Nc6 6. cxd4 d6 7. exd6 Qxd6
8. Nc3 Bg4 9. Nxd5 Qxd5 10. Be2 Rd8 11. Be3 g6 12. O-O Bg7 13. h3 Bf5 14.
Qa4 O-O 15. Rfd1 e6 16. Rac1 a6 17. Rc5 Qd7 18. Qb3 Be4 19. Ne5 Qe7 20. Nxc6
Bxc6 21. Bxa6 Bxg2 22. Kxg2 bxa6 23. Qc4 Qb7+ 24. Kg1 Qf3 25. Qf1 f5 26. Rd3
f4 27. Bd2 Qe4 28. Bc3 Bxd4 29. Bxd4 Rxd4 30. Rdc3 f3 31. Re3 Qh4 32. Rxe6
Rff4 33. Rc7 Qg5+ 34. Kh2 Rfe4 35. Rc8+ Kg7 36. Rc7+ Kh6 37. Rxe4 Rxe4 38.
Qg1 Qxg1+ 39. Kxg1 Re1+ 40. Kh2 Re2 41. Rb7 Rxf2+ 42. Kg3 Rf1 43. Rb6 a5 44.
Rb5 a4 45. Rb4 a3 46. bxa3 Rc1 47. Rb3 Rc2 48. Rxf3 Rxa2 49. Kg4 Kg7 50. Rb3
h5+ 51. Kg5 Rg2+ 52. Kf4 Kf6 53. Rb6+ Kf7 54. a4 Ra2 55. Ra6 Rf2+ 56. Kg5
Rg2+ 57. Kh6 h4 58. a5 Rg3 59. Ra8 Rxh3 60. a6 Ra3 61. Kg5 h3 62. Ra7+ Ke6
63. Rh7 Rxa6 64. Rxh3 Kf7 65. Rh7+ Kg8 66. Rh4 Kg7 67. Ra4 Rf6 68. Ra7+ Rf7
69. Rxf7+ Kxf7 70. Kf4 Kf6 71. Kg4 g5 72. Kg3 Kf5 73. Kf3 g4+ 74. Kg3 Kg5
75. Kg2 Kf4 76. Kf2 g3+ 77. Kg2 Kg4 78. Kg1 Kh3 79. Kh1 Kh4 80. Kg2 Kg4 81.
Kg1 Kf4 82. Kg2 Kg4 83. Kg1 Kf3 84. Kf1 g2+ 85. Kg1 Kg3 {White stalemated}
1/2-1/2

[Event "ICC tourney 2918 (30 10)"]
[Site "Internet Chess Club"]
[Date "2022.05.21"]
[Round "4"]
[White "Tanenbaum, Zachary:MasterZachary"]
[Black "SU, KENNETH:hpawnbomb"]
[Result "1-0"]
[ICCResult "Black resigns"]
[WhiteElo "2215"]
[BlackElo "2072"]
[Opening "Giuoco Piano"]
[ECO "C54"]
[NIC "IG.02"]
[Time "18:00:25"]
[PlyCount "89"]
[TimeControl "1800+10"]

1. e4 e5 2. Nf3 Nc6 3. Bc4 Bc5 4. c3 Nf6 5. d3 d6 6. Nbd2 a6 7. a4 O-O 8.
Nf1 Ne7 9. Ng3 Ng6 10. O-O c6 11. d4 Bb6 12. dxe5 dxe5 13. Qb3 Bc7 14. Be3
b5 15. Be2 Bb6 16. Rfd1 Qc7 17. c4 Be6 18. Qc3 Bxe3 19. Qxe3 b4 20. Qc5 a5
21. Rd6 Rac8 22. Rad1 Nd7 23. Qe3 h6 24. Nf5 Rfd8 25. Qd2 Qb6 26. h4 Re8 27.
Rxe6 fxe6 28. Nd6 Nf6 29. Nxc8 Rxc8 30. Qc2 b3 31. Qb1 Ng4 32. Rf1 Rf8 33.
Qe1 Rf4 34. g3 Rxe4 35. Nd2 Rd4 36. h5 Nf8 37. Bxg4 Rxg4 38. Qxe5 Rg5 39.
Qd6 Rxh5 40. Re1 Qb7 41. Re3 Rf5 42. Rxb3 Qa7 43. Ne4 Qa6 44. Qd4 Qc8 45.
Nd6 {Black resigns} 1-0

[Event "ICC tourney 2918 (30 10)"]
[Site "Internet Chess Club"]
[Date "2022.05.21"]
[Round "4"]
[White "SINGH, HERSH:pyaru536"]
[Black "YAN, RUIYANG:jy2020"]
[Result "1/2-1/2"]
[ICCResult "Game drawn by repetition"]
[WhiteElo "2106"]
[BlackElo "2178"]
[Opening "Nimzo-Indian: classical, Noa variation, 5.cd ed"]
[ECO "E35"]
[NIC "NI.23"]
[Time "18:00:10"]
[PlyCount "141"]
[TimeControl "1800+10"]

1. d4 Nf6 2. c4 e6 3. Nc3 Bb4 4. Qc2 d5 5. cxd5 exd5 6. Bg5 O-O 7. Nf3 h6 8.
Bxf6 Qxf6 9. a3 Bxc3+ 10. Qxc3 Bf5 11. e3 Rc8 12. b4 Nd7 13. Rc1 a5 14. b5
c5 15. bxc6 Rxc6 16. Qd2 Rac8 17. Rxc6 Rxc6 18. Bb5 Rc2 19. Qd1 Nb6 20. O-O
Nc4 21. a4 Be4 22. Re1 Nb2 23. Qa1 Bxf3 24. gxf3 Qxf3 25. Rf1 Qg4+ 26. Kh1
Qe4+ 27. Kg1 Nc4 28. Bxc4 Rxc4 29. Qb1 Qg4+ 30. Kh1 Qf3+ 31. Kg1 Rc6 32. Rc1
Rg6+ 33. Kf1 f5 34. Rc8+ Kh7 35. Qc2 f4 36. exf4 Qxf4 37. Qd3 Qxh2 38. Rc5
Qg2+ 39. Ke2 Qg4+ 40. Kd2 Qf4+ 41. Ke2 Qg4+ 42. Kd2 Kg8 43. Rxd5 Rf6 44.
Rd8+ Kf7 45. Qc4+ Kg6 46. Qd3+ Kh5 47. Qe3 Qf5 48. Qe2+ Kh4 49. Re8 Qf4+ 50.
Kd3 Qf3+ 51. Re3 Qxe2+ 52. Kxe2 g5 53. d5 Rd6 54. Re6 Rxd5 55. Rxh6+ Kg4 56.
Rb6 Rd4 57. Rxb7 Rxa4 58. Kf1 Ra1+ 59. Kg2 a4 60. Rb4+ Kh5 61. Kg3 a3 62.
Ra4 Kg6 63. Ra5 Kf6 64. Kg2 Kg6 65. Kg3 Kh5 66. Ra6 Ra2 67. Kf3 Ra1 68. Kg3
Rg1+ 69. Kh2 Rf1 70. Kg2 Ra1 71. Kg3 {Game drawn by repetition} 1/2-1/2

[Event "ICC tourney 2918 (30 10)"]
[Site "Internet Chess Club"]
[Date "2022.05.21"]
[Round "4"]
[White "Shlyakhtenko, Robert:Robert0905"]
[Black "REDDY, SATVIK:chesslead"]
[Result "0-1"]
[ICCResult "White checkmated"]
[WhiteElo "2417"]
[BlackElo "2133"]
[Opening "QGD semi-Slav"]
[ECO "D43"]
[NIC "SL.03"]
[Time "18:00:10"]
[PlyCount "184"]
[TimeControl "1800+10"]

1. d4 d5 2. c4 c6 3. Nf3 Nf6 4. Nc3 e6 5. Qd3 Nbd7 6. e4 dxe4 7. Nxe4 Be7 8.
Nxf6+ Bxf6 9. Bf4 O-O 10. O-O-O c5 11. dxc5 Qa5 12. Bd6 Qxa2 13. Qb1 Qa4 14.
Bd3 g6 15. Nd2 Rd8 16. Ne4 Bg7 17. f4 f5 18. Ng5 Nf8 19. h4 b6 20. Nf3 Ba6
21. Ne5 bxc5 22. Bc2 Qb4 23. b3 Qb6 24. Be7 Rxd1+ 25. Rxd1 Re8 26. Bxf8 Rxf8
27. Qa2 Bxe5 28. fxe5 Bb7 29. Rd6 Qb4 30. Kb2 Qe1 31. Rxe6 Qxh4 32. Qa5 Qf2
33. Rd6 Bxg2 34. Rd2 Qg1 35. e6 Qe1 36. e7 Re8 37. Qb5 Qxe7 38. Rxg2 Qf6+
39. Ka2 Re1 40. Bb1 f4 41. Qb8+ Kg7 42. Qc7+ Re7 43. Qxc5 f3 44. Rc2 Re2 45.
Qxa7+ Kf8 46. Qb8+ Kg7 47. Qc7+ Kf8 48. Qb8+ Kg7 49. Qa7+ Kf8 50. c5 f2 51.
Rxe2 f1=Q 52. Qb8+ Kg7 53. Qc7+ Qf7 54. Qe5+ Q1f6 55. Qxf6+ Qxf6 56. Rc2
Qa6+ 57. Kb2 Qc6 58. Rc4 h5 59. Be4 Qf6+ 60. Ka3 h4 61. c6 Qd6+ 62. b4 Qg3+
63. Ka4 Qc7 64. b5 h3 65. Kb4 h2 66. Kc5 Qa7+ 67. Kd6 Qb6 68. Bd5 g5 69. Ra4
Qxb5 70. c7 Qxa4 71. c8=Q Qf4+ 72. Kc6 Qc1+ 73. Kd7 Qxc8+ 74. Kxc8 Kg6 75.
Kd7 Kf5 76. Ke7 Kf4 77. Kf6 g4 78. Kg6 Kg3 79. Kg5 Kh3 80. Bc6 g3 81. Bd7+
Kg2 82. Kg4 Kg1 83. Kxg3 h1=Q 84. Bg4 Qe4 85. Bf3 Qf5 86. Bg4 Qf8 87. Bf3
Kf1 88. Bg4 Ke1 89. Kh4 Qg7 90. Bf3 Kf2 91. Bg4 Qg6 92. Bh5 Qg3#
{White checkmated}
0-1

[Event "ICC tourney 2918 (30 10)"]
[Site "Internet Chess Club"]
[Date "2022.05.21"]
[Round "5"]
[White "NATHAN, NITISH SG:K06-15494283"]
[Black "POWER, SEAN K:KnightHopper"]
[Result "0-1"]
[ICCResult "White checkmated"]
[WhiteElo "1971"]
[BlackElo "1901"]
[Opening "Queen's pawn, Mason variation"]
[ECO "D00"]
[NIC "QP.08"]
[Time "20:00:20"]
[PlyCount "86"]
[TimeControl "1800+10"]

1. d4 d5 2. Bf4 Nf6 3. e3 c5 4. c3 Nc6 5. Nd2 Bf5 6. Qb3 Qd7 7. Ngf3 c4 8.
Qd1 e6 9. h3 Bd6 10. Be2 Bxf4 11. exf4 Qd6 12. Ne5 O-O 13. O-O Nd7 14. Bf3
f6 15. Nxd7 Qxd7 16. Re1 Qd6 17. b3 cxb3 18. Nxb3 Qxf4 19. Nc5 Nd8 20. g4
Bg6 21. Nxe6 Nxe6 22. Bxd5 f5 23. Bxe6+ Kh8 24. Qc1 Qd6 25. Qe3 Rae8 26. Qe5
Qc6 27. d5 Qa4 28. Qd4 Qc2 29. Rac1 Qxa2 30. gxf5 Bh5 31. Qh4 Bf3 32. c4 Qd2
33. Qg3 Rxf5 34. Kh2 Rf4 35. Rg1 g6 36. Rc3 Be4 37. Rf1 Ref8 38. Kg1 Rxf2
39. Rf3 R8xf3 40. Qe5+ Rf6 41. Qb8+ Kg7 42. Qc7+ Kh6 43. Rxf2 Qxf2#
{White checkmated}
0-1

[Event "ICC tourney 2918 (30 10)"]
[Site "Internet Chess Club"]
[Date "2022.05.21"]
[Round "5"]
[White "CHEN, JUSTIN:justinchess"]
[Black "Tanenbaum, Zachary:MasterZachary"]
[Result "1-0"]
[ICCResult "Black resigns"]
[WhiteElo "2310"]
[BlackElo "2215"]
[Opening "Réti accepted"]
[ECO "A09"]
[NIC "RE.19"]
[Time "20:00:14"]
[PlyCount "63"]
[TimeControl "1800+10"]

1. Nf3 d5 2. c4 dxc4 3. e3 a6 4. Bxc4 Nf6 5. O-O e6 6. b3 c5 7. d4 cxd4 8.
Nxd4 Bd7 9. Bb2 Nc6 10. Nf3 Be7 11. Nbd2 O-O 12. Qb1 h6 13. Rd1 Rc8 14. Ne4
Nxe4 15. Qxe4 Bf6 16. Rxd7 Qxd7 17. Bd3 Qxd3 18. Qxd3 Bxb2 19. Rb1 Nb4 20.
Qd7 Nxa2 21. Qd2 Nc3 22. Qxb2 Nxb1 23. Qxb1 Rc3 24. g4 Rfc8 25. Kg2 R8c5 26.
h4 a5 27. g5 Rc2 28. g6 f5 29. Qd1 Rc8 30. Qd7 Kh8 31. Ne5 f4 32. Qxe6
{Black resigns}
1-0

[Event "ICC tourney 2918 (30 10)"]
[Site "Internet Chess Club"]
[Date "2022.05.21"]
[Round "5"]
[White "ARUTLA, ADITYA:adiaru27"]
[Black "GU, CRYSTAL JIUZHOU:fantasymoon"]
[Result "1-0"]
[ICCResult "Black checkmated"]
[WhiteElo "1748"]
[BlackElo "1918"]
[Opening "Sicilian: Canal-Sokolsky (Nimzovich-Rossolimo, Moscow) attack"]
[ECO "B51"]
[NIC "SI.01"]
[Time "20:00:18"]
[PlyCount "93"]
[TimeControl "1800+10"]

1. e4 c5 2. Nf3 d6 3. Bb5+ Nc6 4. O-O g6 5. d4 cxd4 6. Nxd4 Bd7 7. c4 Bg7 8.
Be3 Nf6 9. Nc3 Ng4 10. Bxc6 bxc6 11. Bg5 Qb6 12. Nb3 Be5 13. h3 Bh2+ 14. Kh1
Nxf2+ 15. Rxf2 Qxf2 16. Kxh2 h6 17. Qd2 Qb6 18. Be3 Qc7 19. Bf4 g5 20. Bg3
O-O-O 21. Rc1 Rdg8 22. c5 h5 23. cxd6 exd6 24. Nb5 Qb6 25. Nxd6+ Kd8 26.
Nxf7+ Ke7 27. Nxh8 Rxh8 28. Qd6+ Ke8 29. Qg6+ Kd8 30. Qf6+ Kc8 31. Qxh8+ Qd8
32. Qxd8+ Kxd8 33. Nc5 h4 34. Rd1 hxg3+ 35. Kxg3 Kc7 36. Rxd7+ Kb6 37. b4
Kb5 38. a3 a5 39. e5 axb4 40. axb4 Kxb4 41. Nd3+ Kb5 42. e6 c5 43. e7 c4 44.
e8=Q cxd3 45. Rc7+ Kb4 46. Qb8+ Ka4 47. Ra7# {Black checkmated} 1-0

[Event "ICC tourney 2918 (30 10)"]
[Site "Internet Chess Club"]
[Date "2022.05.21"]
[Round "5"]
[White "SU, KENNETH:hpawnbomb"]
[Black "CHIANG, JACOB:Cobysters"]
[Result "0-1"]
[ICCResult "White resigns"]
[WhiteElo "2072"]
[BlackElo "1972"]
[Opening "Sicilian defense"]
[ECO "B30"]
[NIC "SI.31"]
[Time "20:00:24"]
[PlyCount "102"]
[TimeControl "1800+10"]

1. e4 c5 2. Nf3 Nc6 3. c3 Nf6 4. d3 g6 5. g3 Bg7 6. Bg2 O-O 7. O-O d5 8. e5
Nd7 9. Qe2 Ndxe5 10. Nxe5 Nxe5 11. Bf4 Nc6 12. Na3 e5 13. Bd2 Bf5 14. Nc2 c4
15. Ne1 cxd3 16. Nxd3 Qd6 17. Rad1 Rad8 18. Bc1 Rfe8 19. Qe3 b6 20. Kh1 h5
21. f4 h4 22. fxe5 Nxe5 23. Nxe5 Rxe5 24. Qf2 hxg3 25. hxg3 Qe6 26. Bf3 Be4
27. Bf4 Qh3+ 28. Kg1 Ree8 29. Bxe4 Rxe4 30. Qf3 Rde8 31. Rd2 Re1 32. Qg2 Qf5
33. Rf2 Qd3 34. Rd2 Rxf1+ 35. Qxf1 Qe4 36. Qd1 Bf8 37. Rxd5 Bc5+ 38. Kh2 Kg7
39. Rd8 Rxd8 40. Qxd8 Qe2+ 41. Kh3 Qf1+ 42. Kg4 Be7 43. Be5+ Bf6 44. Bxf6+
Qxf6 45. Qd3 Qe6+ 46. Kg5 Qxa2 47. Qd4+ Kh7 48. Qh4+ Kg8 49. Kh6 Qd5 50. g4
Qd2+ 51. g5 Qd6 {White resigns} 0-1

[Event "ICC tourney 2918 (30 10)"]
[Site "Internet Chess Club"]
[Date "2022.05.21"]
[Round "5"]
[White "DENG, HENRY:SuperPuzzler"]
[Black "LIU, ERIC CHANG:el008"]
[Result "1-0"]
[ICCResult "Black resigns"]
[WhiteElo "2086"]
[BlackElo "2059"]
[Opening "Sicilian: Najdorf, Opocensky variation"]
[ECO "B92"]
[NIC "SI.10"]
[Time "20:00:13"]
[PlyCount "109"]
[TimeControl "1800+10"]

1. e4 c5 2. Nc3 a6 3. Nge2 d6 4. d4 cxd4 5. Nxd4 Nf6 6. Be2 e5 7. Nb3 Be6 8.
O-O Be7 9. Qd3 Nc6 10. a3 b5 11. Bd2 O-O 12. Nd5 Rc8 13. Rfd1 Bxd5 14. exd5
e4 15. Qe3 Ne5 16. Bc3 Qd7 17. h3 Nc4 18. Bxc4 bxc4 19. Na5 Rc5 20. Qe2 Nxd5
21. Bb4 Nxb4 22. axb4 Rg5 23. Qxe4 Qxh3 24. Nc6 Bf6 25. c3 Qd7 26. Qxc4 d5
27. Qxa6 Qg4 28. Qf1 Rh5 29. g3 g6 30. Qg2 Qc4 31. Nd4 Bxd4 32. Rxd4 Qe2 33.
Rad1 Qxb2 34. Rxd5 Rxd5 35. Qxd5 Qxc3 36. b5 Rb8 37. Rb1 Qc7 38. Re1 Rd8 39.
Qf3 Rd7 40. Qf6 Qd8 41. Qc6 Qc7 42. Qa8+ Kg7 43. Qa1+ f6 44. Re6 Qd8 45. Kh2
Kf7 46. Ra6 Kg7 47. Qa3 Qe7 48. Qf3 Qe5 49. b6 Qe7 50. Ra8 Rb7 51. Qxb7 Qxb7
52. Ra7 Qf7 53. Rxf7+ Kxf7 54. b7 Ke6 55. b8=Q {Black resigns} 1-0

[Event "ICC tourney 2918 (30 10)"]
[Site "Internet Chess Club"]
[Date "2022.05.21"]
[Round "5"]
[White "YAN, RUIYANG:jy2020"]
[Black "QUIRKE, JEFFREY L:PawnEatingZombi"]
[Result "1-0"]
[ICCResult "Black resigns"]
[WhiteElo "2178"]
[BlackElo "2029"]
[Opening "Caro-Kann: advance variation"]
[ECO "B12"]
[NIC "CK.04"]
[Time "20:00:13"]
[PlyCount "121"]
[TimeControl "1800+10"]

1. e4 c6 2. d4 d5 3. e5 Bf5 4. Nd2 e6 5. Nb3 Ne7 6. Nf3 Nc8 7. Be3 Be7 8.
Be2 O-O 9. O-O a5 10. a4 Nd7 11. Qd2 f6 12. exf6 Bxf6 13. Bf4 Be7 14. Bd3
Bxd3 15. cxd3 Bb4 16. Qe3 Qf6 17. Bg3 Ne7 18. Ne5 Nxe5 19. Bxe5 Qg6 20. f4
Nf5 21. Qe2 h5 22. Rac1 Rfc8 23. Rc2 b6 24. Rfc1 Qe8 25. g3 Ra7 26. Kg2 Rb7
27. Kh1 Kh7 28. Qf3 Kh6 29. h3 c5 30. g4 Nh4 31. Qg3 Ng6 32. gxh5 Nxe5 33.
Qg5+ Kh7 34. dxe5 Qf7 35. Nd4 Rf8 36. Qg6+ Qxg6 37. hxg6+ Kxg6 38. Nxe6 Rh8
39. Ng5 Kf5 40. Rf1 Rh4 41. Rcf2 c4 42. Nf3 Rxh3+ 43. Kg2 Rh8 44. Nd4+ Kg6
45. Rf3 Bc5 46. Rg3+ Kf7 47. Nf3 Be7 48. d4 b5 49. f5 bxa4 50. e6+ Ke8 51.
Rxg7 Rxb2+ 52. Kg3 a3 53. Ne5 a2 54. Ra1 Bd6 55. Ra7 Bxe5+ 56. dxe5 Rhh2 57.
f6 Rhg2+ 58. Kf3 Rgf2+ 59. Ke3 Kd8 60. e7+ Ke8 61. Ra8+ {Black resigns} 1-0

[Event "ICC tourney 2918 (30 10)"]
[Site "Internet Chess Club"]
[Date "2022.05.21"]
[Round "5"]
[White "SHEEHAN, ETHAN THOMAS:Chessking2008"]
[Black "Shlyakhtenko, Robert:Robert0905"]
[Result "1/2-1/2"]
[ICCResult "Game drawn by mutual agreement"]
[WhiteElo "2276"]
[BlackElo "2417"]
[Opening "English opening"]
[ECO "A20"]
[NIC "EO.24"]
[Time "20:00:50"]
[PlyCount "122"]
[TimeControl "1800+10"]

1. c4 e5 2. g3 h5 3. Nf3 e4 4. Nd4 Nc6 5. Nxc6 dxc6 6. Bg2 Nf6 7. Nc3 Bf5 8.
Qc2 Qe7 9. h4 O-O-O 10. b3 Qe6 11. e3 Bb4 12. Bb2 Rd3 13. O-O-O Rhd8 14. a3
Bxc3 15. Bxc3 Ng4 16. Rhf1 Nh2 17. Rh1 Nf3 18. Bf1 R3d7 19. Qb2 f6 20. Be2
Bg4 21. Qc2 Qf5 22. Kb1 Ne5 23. Bxg4 Nxg4 24. Rdf1 Rd3 25. Ka1 Ne5 26. Ka2
Nf3 27. Rd1 R8d7 28. Kb2 Kd8 29. Kc1 Ke8 30. Kb2 Kf7 31. Kc1 Kg8 32. Kb2 Kh8
33. Kc1 Rd8 34. Kb2 Qc5 35. Bb4 Qe5+ 36. Bc3 Qe6 37. Kb1 a6 38. Kb2 c5 39.
Ka1 Kh7 40. a4 b6 41. Kb2 c6 42. Ra1 Nxd2 43. Rhd1 Nf3 44. Qe2 Qg4 45. Rxd3
exd3 46. Qd1 Rd7 47. Qf1 b5 48. axb5 axb5 49. cxb5 cxb5 50. Rd1 b4 51. Rxd3
bxc3+ 52. Kxc3 Qb4+ 53. Kb2 Nd2 54. Qe2 Rd5 55. Rxd5 Qxb3+ 56. Kc1 Qxd5 57.
Qxd2 Qh1+ 58. Qd1 Qxd1+ 59. Kxd1 g5 60. f3 Kg6 61. Kd2 Kf7
{Game drawn by mutual agreement}
1/2-1/2

[Event "ICC tourney 2918 (30 10)"]
[Site "Internet Chess Club"]
[Date "2022.05.21"]
[Round "5"]
[White "TANG, DYLAN:ruitang"]
[Black "SINGH, HERSH:pyaru536"]
[Result "0-1"]
[ICCResult "White forfeits on time"]
[WhiteElo "1944"]
[BlackElo "2106"]
[Opening "Ruy Lopez: fianchetto defense deferred"]
[ECO "C70"]
[NIC "RL.09"]
[Time "20:00:24"]
[PlyCount "182"]
[TimeControl "1800+10"]

1. e4 e5 2. Nf3 Nc6 3. Bb5 a6 4. Ba4 g6 5. c3 Bg7 6. d4 b5 7. Bb3 exd4 8.
cxd4 Na5 9. Bc2 Ne7 10. a4 b4 11. Nbd2 d6 12. O-O O-O 13. Nb3 Nxb3 14. Bxb3
Bg4 15. Be3 Rb8 16. Rc1 Qd7 17. Bc4 a5 18. Be2 b3 19. Ne5 dxe5 20. Bxg4 Qxa4
21. Rxc7 exd4 22. Bf4 Qb4 23. Rd7 Rb6 24. Bc7 Rc6 25. e5 Rxc7 26. Rxc7 Bxe5
27. Rd7 Bf6 28. Qf3 Kg7 29. Rb7 Qc5 30. Rxb3 h5 31. Bd7 Rd8 32. Bb5 Nd5 33.
Bd3 Nb4 34. Ra1 Rd5 35. Rba3 Qb6 36. Rb3 Rc5 37. Bf1 Rf5 38. Qg3 Qc5 39. Rf3
Rd5 40. Qf4 Rf5 41. Qg3 d3 42. Bxd3 Rxf3 43. Qxf3 Bxb2 44. Rb1 a4 45. Bf1 a3
46. Qb3 Qd4 47. Bc4 a2 48. Rf1 Qc3 49. Qxc3+ Bxc3 50. Bxa2 Nxa2 51. h3 Be5
52. g4 hxg4 53. hxg4 Nc3 54. Kg2 Nd5 55. Kf3 Kf6 56. Re1 g5 57. Rb1 Bf4 58.
Rb5 Ke5 59. Rb7 f6 60. Rb1 Ke6 61. Re1+ Kf7 62. Rd1 Ne7 63. Rd7 Ke6 64. Rd1
Ng6 65. Re1+ Ne5+ 66. Kg2 Kd5 67. f3 Nd3 68. Re4 Be5 69. Ra4 Nf4+ 70. Kf2
Bd4+ 71. Kg3 Ke5 72. Ra5+ Nd5 73. Rb5 Be3 74. Ra5 Bd2 75. Rb5 Kd4 76. Rb7
Be1+ 77. Kg2 Ke3 78. Rb3+ Bc3 79. Ra3 Ke2 80. Ra2+ Bd2 81. Kg3 Ne3 82. Ra6
Be1+ 83. Kh3 Bc3 84. Kg3 Be5+ 85. f4 gxf4+ 86. Kh3 f3 87. Ra2+ Ke1 88. Ra3
Bf4 89. Ra1+ Nd1 90. Ra4 Be3 91. Ra6 Bg5 {White forfeits on time} 0-1